Map: Ever Dream LE

Players

ShoWTimE - Winner!

  • Race: Protoss Protoss
  • Spawn Location: 7:00

HeroMarine

  • Race: Terran Terran
  • League: Master
  • Spawn Location: 1:00

Event: StayAtHomestory Cup #2

VOD

Have the link to the VOD?

Description

Time

  • Played on: June 12, 2020, 11:16 a.m.
  • Length: 10:31

All games in this series

Show
View Real Time Build Order
Export as new Build Order

ShoWTimE Protoss - Winner!

Build Orders: 1 Gate Expand, Archon Immortal, Colossus Rush 

Get SALT Encoding   

  12  0:00  Probe  
  13  0:12  Probe  
  14  0:17  Pylon  
  14  0:23  Probe  
  15  0:32  Probe  
  15  0:37  Gateway  
  15  0:40  Probe  
  16  0:46  Assimilator  
  17  0:51  Probe  
  18  1:03  Probe  
  19  1:15  Probe  
  20  1:23  Cybernetics Core  
  20  1:32  Nexus  
  20  1:34  Probe  
  21  1:41  Pylon  
  21  1:46  Probe  
  22  1:48  Assimilator  
  22  1:50  Adept  
  22  1:58  Probe  
  25  2:01  Warp Gate  
  25  2:10  Adept, Probe  
  28  2:23  Probe  
  28  2:26  Robotics Facility  
  29  2:33  Adept  
  29  2:35  Probe  
  32  2:44  Probe  
  32  2:47  Probe  
  34  2:54  Gateway  
  34  2:57  Probe  
  35  2:59  Probe  
  35  3:03  Stalker  
  38  3:09  Probe  
  38  3:11  Probe  
  38  3:12  Observer  
  40  3:14  Robotics Bay  
  40  3:17  Pylon  
  41  3:21  Probe  
  41  3:23  Probe  
  43  3:29  Warp Prism  
  45  3:34  Probe  
  45  3:36  Probe  
  47  3:46  Probe  
  48  3:49  Probe  
  48  3:51  Pylon  
  48  3:53  Colossus, Assimilator  
  48  3:55  Assimilator  
  49  3:59  Probe  
  49  4:01  Probe  
  55  4:11  Probe  
  55  4:13  Probe  
  55  4:14  Observer  
  57  4:20  Gravitic Drive, Pylon  
  57  4:23  Probe  
  58  4:25  Probe  
  59  4:32  Gateway  
  59  4:34  Colossus  
  59  4:42  Shield Battery  
  59  4:44  Sentry  
  61  4:47  Gateway  
  61  4:51  Pylon  
  67  4:56  Sentry  
  67  4:59  Forge  
  69  5:03  Pylon  
  69  5:09  Probe  
  69  5:10  Probe  
  71  5:14  Observer, Stalker  
  71  5:16  Colossus  
  73  5:22  Probe x2  
  75  5:32  Protoss Ground Weapons Level 1, Pylon  
  81  5:36  Probe  
  81  5:37  Probe  
  83  5:49  Nexus, Probe  
  84  5:50  Extended Thermal Lance  
  84  5:56  Observer, Probe, Pylon  
  85  6:01  Probe  
  86  6:08  Probe  
  87  6:12  Immortal, Twilight Council  
  87  6:13  Probe  
  94  6:18  Shield Battery  
  94  6:21  Probe  
  94  6:23  Gateway  
  94  6:24  Observer  
  94  6:25  Probe  
  94  6:32  Pylon  
  94  6:33  Probe  
  94  6:34  Charge  
  94  6:37  Probe  
  94  6:39  Assimilator  
  96  6:44  Assimilator  
  96  6:45  Probe, Gateway  
  97  6:49  Probe  
  97  6:57  Probe  
  97  6:58  Immortal  
  97  6:59  Templar Archives  
  98  7:01  Probe  
  98  7:02  Gateway  
  103  7:09  Phoenix  
  103  7:14  Protoss Ground Armor Level 1  
  103  7:16  Zealot x4  
  103  7:20  Pylon  
  111  7:27  Photon Cannon  
  111  7:29  Shield Battery  
  111  7:39  High Templar x2  
  111  7:40  High Templar x2  
  111  7:42  Pylon  
  119  7:45  Archon x2, Pylon  
  119  7:47  Probe x3, Pylon  
  122  7:55  Immortal  
  126  7:59  Probe  
  127  8:06  Blink  
  127  8:08  Zealot x3  
  133  8:14  Pylon  
  133  8:15  Zealot x2  
  137  8:20  Pylon  
  137  8:26  Pylon  
  137  8:30  Zealot x5  
  137  8:31  Immortal  
  147  8:40  Zealot x2  
  145  8:52  High Templar x3  
  145  8:53  High Templar, Zealot  
  155  8:58  Archon x2  
  155  9:00  Gateway  
  155  9:03  Pylon  
  155  9:06  Pylon  
  155  9:09  Nexus  
  155  9:11  Pylon x2  
  155  9:12  Pylon  
  155  9:21  High Templar x3  
  155  9:23  Pylon  
  155  9:24  High Templar  
  163  9:28  Archon  
  163  9:29  Archon  
  163  9:32  Zealot x3  
  163  9:37  Pylon  
  169  9:46  Probe x3  
  169  9:50  Shield Battery  
  172  9:53  High Templar x2  
  172  9:54  High Templar  
  172  9:55  High Templar  
  172  9:56  High Templar, Zealot x5  
  172  9:58  Probe  
  187  10:00  Archon  
  187  10:01  Zealot  
  189  10:19  Zealot x5  
  183  10:21  Zealot  
Show
View Real Time Build Order
Export as new Build Order

HeroMarine Terran 

Build Orders: Reaper Expand 

Get SALT Encoding   

  12  0:00  SCV  
  13  0:12  SCV  
  14  0:17  Supply Depot  
  14  0:25  SCV  
  15  0:38  SCV  
  15  0:40  Barracks  
  16  0:43  Refinery  
  16  0:50  SCV  
  17  1:03  SCV  
  18  1:15  SCV  
  19  1:27  Orbital Command, Reaper  
  20  1:39  Command Center  
  20  1:51  Supply Depot  
  20  1:53  SCV  
  21  2:00  Barracks Reactor  
  21  2:05  SCV  
  21  2:08  Barracks  
  22  2:17  SCV  
  22  2:19  Barracks  
  23  2:29  SCV  
  24  2:35  Marine x2  
  26  2:41  SCV  
  27  2:51  Orbital Command  
  27  2:53  SCV, Marine x2  
  27  2:55  Barracks Tech Lab  
  30  3:06  SCV, Marine  
  30  3:11  Marine  
  33  3:14  Stimpack  
  33  3:15  Marauder  
  33  3:16  Supply Depot  
  33  3:17  SCV  
  33  3:18  SCV  
  33  3:19  Marine  
  38  3:24  Barracks Tech Lab  
  38  3:29  SCV  
  38  3:30  SCV  
  38  3:31  Supply Depot  
  38  3:33  Marine  
  41  3:36  Marauder  
  41  3:37  Marine  
  43  3:41  SCV  
  43  3:42  SCV  
  43  3:45  Marauder  
  43  3:53  SCV  
  43  3:54  SCV  
  43  3:55  Marine x2  
  45  4:03  Combat Shield  
  45  4:05  SCV, Marauder  
  45  4:06  SCV  
  45  4:08  Marauder  
  51  4:12  Marine  
  51  4:13  Marine, Supply Depot  
  53  4:17  SCV  
  53  4:18  SCV  
  53  4:21  Refinery  
  55  4:26  Engineering Bay  
  55  4:28  Marine x2  
  55  4:29  SCV  
  55  4:30  Marine x2  
  60  4:32  SCV  
  61  4:43  SCV  
  61  4:44  SCV  
  63  4:46  Marine x2  
  63  4:48  Marine x2  
  63  4:50  Supply Depot  
  63  4:51  Missile Turret  
  63  4:52  Terran Infantry Weapons Level 1  
  67  4:56  SCV x2  
  69  5:01  Factory  
  69  5:04  Marine  
  70  5:09  Refinery  
  70  5:11  Marine x2  
  70  5:12  SCV x2  
  70  5:13  Supply Depot  
  74  5:18  Refinery  
  74  5:21  Marine  
  74  5:22  Marine  
  74  5:25  SCV x2  
  78  5:32  Supply Depot  
  78  5:40  SCV x2  
  78  5:42  Command Center  
  77  5:50  Barracks Reactor  
  77  5:51  Marine x2, Marauder  
  77  5:52  SCV x2, Starport  
  79  6:04  SCV x2  
  79  6:09  Siege Tank  
  84  6:12  Marauder  
  84  6:16  SCV x2, Marine x2, Supply Depot  
  90  6:28  SCV x2  
  89  6:37  Barracks  
  89  6:38  Barracks, Barracks Tech Lab  
  89  6:40  SCV x2  
  89  6:41  Siege Tank  
  89  6:43  Medivac x2  
  98  6:49  Marine x2  
  98  6:50  Marauder  
  98  6:51  Supply Depot  
  98  6:52  Terran Infantry Armor Level 1  
  98  6:53  SCV x2  
  104  7:05  SCV x2  
  104  7:06  Supply Depot  
  104  7:07  Supply Depot  
  106  7:13  Marauder, Medivac x2  
  106  7:14  Marauder  
  111  7:18  SCV x2  
  111  7:19  Orbital Command  
  112  7:23  Siege Tank  
  115  7:30  SCV x2, Refinery x2  
  115  7:32  Barracks Reactor  
  115  7:33  Barracks Tech Lab  
  115  7:36  Marauder  
  115  7:37  Marine x2, Marauder  
  121  7:38  Supply Depot  
  121  7:42  SCV x2  
  125  7:46  SCV  
  125  7:49  Supply Depot  
  126  7:54  SCV x2  
  126  7:55  Siege Tank  
  126  7:56  Armory  
  126  7:57  Engineering Bay  
  131  7:58  SCV  
  131  8:02  Supply Depot  
  131  8:04  Supply Depot  
  132  8:06  SCV x2  
  132  8:10  SCV  
  135  8:13  Medivac x2  
  135  8:15  Supply Depot  
  135  8:18  Marauder x2  
  135  8:19  Marauder  
  145  8:21  Marine x4  
  145  8:26  SCV x2  
  145  8:27  SCV, Siege Tank  
  150  8:40  SCV x3, Marine x2, Marauder x2  
  153  8:43  Marauder  
  153  8:44  Marine  
  153  8:45  Marine  
  157  8:58  Marine x2  
  157  8:59  Missile Turret  
  157  9:01  Marine  
  157  9:02  Missile Turret  
  163  9:03  Concussive Shells  
  163  9:05  Missile Turret  
  163  9:09  Viking x2  
  164  9:10  Starport  
  164  9:12  Factory Reactor  
  164  9:26  Supply Depot  
  164  9:29  Command Center  
  164  9:35  Barracks  
  164  9:36  Barracks  
  164  9:37  Barracks  
  162  9:40  Viking, Marauder x3  
  162  9:41  Viking  
  172  9:49  Sensor Tower  
  172  9:50  Supply Depot  
  171  9:59  Viking x2  
  175  10:05  Marine x3, Marauder x3  
  175  10:06  Marine  
Tags
 
Add a new tag
Caveats
  • Supply blocks, unpowered buildings, or Contaminate may cause inaccurate times.
  • Supply counts are checked every 10 seconds.